 Dungeon Crawl Stone Soup version 0.23.2-40-g277498a001 (webtiles) character file.

Game seed: 15424936392988821319

59 BreadTh the Digger (level 3, 27/27 HPs)
             Began as a Demigod Earth Elementalist on Sept 1, 2019.
             Quit the game on level 3 of the Dungeon.
             The game lasted 00:07:21 (1737 turns).

BreadTh the Digger (Demigod Earth Elementalist)     Turns: 1737, Time: 00:07:22

Health: 27/27      AC:  2    Str: 11    XL:     3   Next: 54%
Magic:  8/8        EV: 13    Int: 19    God:
Gold:   64         SH:  0    Dex: 18    Spells: 5/6 levels left

rFire    . . .     SeeInvis .   e - +0 flail
rCold    . . .     Gourm    .   (no shield)
rNeg     . . .     Faith    .   c - +0 robe
rPois    .         Spirit   .   (no helmet)
rElec    .         Reflect  .   (no cloak)
rCorr    .         Harm     .   (no gloves)
MR       .....                  (no boots)
Stlth    ++........             (no amulet)
HPRegen  0.09/turn              (no ring)
MPRegen  0.11/turn              (no ring)

@: no status effects
A: high mp 1
a: no special abilities


You were on level 3 of the Dungeon.
You were not hungry.

You visited 1 branch of the dungeon, and saw 3 of its levels.

You collected 64 gold pieces.

Inventory:

Hand Weapons
 e - a +0 flail (weapon)
 f - a +0 dagger
Missiles
 b - 66 stones (quivered)
Armour
 c - a +0 robe (worn)
Jewellery
 h - an uncursed ring of ice
Scrolls
 a - 5 scrolls of teleportation {unknown}
 g - a scroll of identify {unknown}
 j - a scroll of fear {unknown}
 k - a scroll of enchant armour {unknown}
Potions
 i - a potion of lignification {unknown}
Comestibles
 d - 4 rations


   Skills:
 + Level 0.8 Fighting
 - Level 0.4 Short Blades
 - Level 0.2 Maces & Flails
 - Level 2.2 Dodging
 + Level 1.9 Stealth
 - Level 0.1 Unarmed Combat
 - Level 2.0 Spellcasting
   Level 0.8 Transmutations
 + Level 3.5 Earth Magic


You had 5 spell levels left.
You knew the following spells:

 Your Spells              Type           Power        Failure   Level  Hunger
a - Sandblast             Erth           ###...       4%          1    #......

Your spell library contained the following spells:

 Spells                   Type           Power        Failure   Level  Hunger
 Passwall                 Tmut/Erth      ##......     11%         2    ###....
 Stone Arrow              Conj/Erth      #.....       24%         3    ###....
 Petrify                  Tmut/Erth      ##......     56%         4    #####..
 Lee's Rapid Deconstruct  Erth           ###.......   73%         5    ######.


Dungeon Overview and Level Annotations

Branches:
Dungeon (3/15)


Innate Abilities, Weirdness & Mutations

You have an increased reservoir of magic. (+10% MP)


Message History

The giant cockroach barely misses you.
You barely miss the giant cockroach. The giant cockroach closely misses you.
You sock the giant cockroach!
You kill the giant cockroach!
Eating a chunk of flesh.
You eat the chunk of flesh.
This raw flesh tastes terrible.
You now have 53 gold pieces (gained 7).
i - a fizzy ruby potion You now have 64 gold pieces (gained 11).
j - a scroll labeled LEVVIEMAKK The giant cockroach is too close now for your liking.
There is a stone staircase leading up here.
You sock the giant cockroach!
You kill the giant cockroach!
Training target 2.0 for Spellcasting reached!
Your Spellcasting skill increases to level 2!
Found a scroll labeled GURAON SELAPY.
Found 15 gold pieces.
Found a stone staircase leading up.
k - a scroll labeled QETITS PEICVUE Are you sure you want to abandon this character and quit the game? (Confirm with "yes".)

#..........#
#..........#
#.......<..#
#......รท...#
#..........#
#..........#
########.##...#
##..$....##.#.#
.....<.@......>#
##....#.###....#
####.... ##.
..#.#. ####?#.#
..# . ### #. .#


There were no monsters in sight!

Vanquished Creatures
  A gnoll (D:2)
  2 adders (D:2)
  A dart slug (D:2)
  4 bats
  5 giant cockroaches
  4 hobgoblins
  5 kobolds (D:2)
  A quokka (D:2)
  2 frilled lizards
  2 goblins (D:2)
  2 rats (D:2)
29 creatures vanquished.

Notes
Turn   | Place    | Note
-------+----------+-------------------------------------------
     0 | D:1      | BreadTh the Demigod Earth Elementalist began the quest for
                  | the Orb.
     0 | D:1      | Reached XP level 1. HP: 14/14 MP: 5/5
   236 | D:1      | Reached skill level 3 in Earth Magic
   452 | D:1      | You fall through a shaft!
   452 | D:2      | Found a sacrificial altar of Ru.
   912 | D:2      | Reached XP level 2. HP: 11/22 MP: 7/7
  1120 | D:2      | Reached XP level 3. HP: 24/27 MP: 4/8
  1476 | D:2      | Found a faded altar of an unknown god.
  1737 | D:3      | Quit the game

Skill      XL: |  1  2  3 |
---------------+----------+-----
Earth Magic    | 3 |  3.5
Dodging        | 2 |  2.2
Spellcasting   | 2 |  2.0
Fighting       | |  0.8
Short Blades   | |  0.4
Maces & Flails | |  0.2
Stealth        | |  1.9
Unarmed Combat | |  0.1
Transmutations | |  0.8

Action                   || total
-------------------------++-------
Melee: Unarmed           ||    26
       Club              ||    16
       Dagger            ||    26
       Flail             ||    36
 Cast: Sandblast         ||     7
 Stab: Sleeping          ||     5
  Eat: Chunk             ||     3
Armor: Robe              ||    22
Dodge: Dodged            ||    62
